 Dungeon Crawl Stone Soup version 0.26-a0-778-g3fe0686644 (webtiles) character file.

Game seed: 4927811464894132202

93 robertstho the Chiller (level 4, 0/32 HPs)
             Began as a Gnoll Ice Elementalist on Nov 9, 2020.
             Slain by Grinder (4 damage)
             ... on level 3 of the Dungeon.
             The game lasted 00:03:44 (2635 turns).

robertstho the Chiller (Gnoll Ice Elementalist)     Turns: 2635, Time: 00:03:45

Health: 0/32       AC:  4    Str: 11    XL:     4   Next: 62%
Magic:  2/11       EV: 15    Int: 18    God:
Gold:   114        SH:  0    Dex: 15    Spells: 2/13 levels left

rFire    . . .     SeeInvis .   c - -3 spear (curse)
rCold    . . .     Faith    .   (no shield)
rNeg     . . .     Spirit   .   a - +0 robe
rPois    .         Reflect  .   b - +0 helmet
rElec    .         Harm     .   (no cloak)
rCorr    .         Rampage  .   u - +0 pair of gloves
MR       .....                  (no boots)
Stlth    +++.......             (no amulet)
HPRegen  0.10/turn              (no ring)
MPRegen  0.12/turn              (no ring)

@: frozen ramparts
A: distributed training, fangs 1, strong nose
a: no special abilities


You were on level 3 of the Dungeon.
You visited 1 branch of the dungeon, and saw 3 of its levels.

You collected 114 gold pieces.

Inventory:

Hand Weapons
 c - a cursed -3 spear (weapon)
 l - a +4 dagger
 o - a +1 dagger of venom
Missiles
 s - 3 poisoned darts (quivered)
Armour
 a - a +0 robe (worn)
 b - a +0 helmet (worn)
 u - a +0 pair of gloves (worn)
Jewellery
 e - an uncursed ring of wizardry {unknown}
Wands
 v - a wand of flame (16)
Scrolls
 d - a scroll of fear {unknown}
 g - a scroll of amnesia {unknown}
 i - 2 scrolls of identify {unknown}
 p - a scroll of teleportation {unknown}
 q - a scroll of immolation {unknown}
 r - 2 scrolls of random uselessness {unknown}
Potions
 f - a potion of curing {unknown}
 h - a potion of heal wounds {unknown}
 j - a potion of attraction {unknown}
 k - a potion of lignification {unknown}
 m - a potion of magic {unknown}
 n - a potion of cancellation {unknown}
 t - a potion of brilliance {unknown}


   Skills:
 + Level 1.2 Fighting
 + Level 1.2 Short Blades
 + Level 1.2 Long Blades
 + Level 1.2 Axes
 + Level 1.2 Maces & Flails
 + Level 1.2 Polearms
 + Level 1.2 Staves
 + Level 1.2 Slings
 + Level 1.2 Bows
 + Level 1.2 Crossbows
 + Level 1.2 Throwing
 + Level 1.2 Armour
 + Level 4.6 Dodging
 + Level 4.3 Stealth
 + Level 1.2 Shields
 + Level 1.2 Unarmed Combat
 + Level 5.1 Spellcasting
 + Level 1.0 Conjurations
 + Level 1.0 Hexes
 + Level 1.0 Summonings
 + Level 1.0 Necromancy
 + Level 1.0 Translocations
 + Level 1.0 Transmutations
 + Level 1.0 Fire Magic
 + Level 7.1 Ice Magic
 + Level 1.0 Air Magic
 + Level 1.0 Earth Magic
 + Level 1.0 Poison Magic
 + Level 1.3 Invocations
 + Level 1.2 Evocations


You had 2 spell levels left.
You knew the following spells:

 Your Spells              Type           Power        Failure   Level
a - Freeze                Ice            ####         1%          1
b - Frozen Ramparts       Ice            ####..       1%          3
c - Ozocubu's Armour      Ice            ####....     1%          3
d - Hailstorm             Conj/Ice       ###.....     24%         4

Your spell library contained the following spells:

 Spells                   Type           Power        Failure   Level
 Summon Ice Beast         Ice/Summ       ###.....     24%         4


Dungeon Overview and Level Annotations

Branches:
Dungeon (3/15)

Altars:

Annotations:
D:3 Grinder


Innate Abilities, Weirdness & Mutations

Your experience applies equally to all skills.
You have very sharp teeth.
Your uncanny sense of smell can sniff out nearby items.


Message History

Aiming: Throw Flame
Press: ? - help, Shift-Dir - straight line, f/p - Grinder
Aim: Grinder (moderately wounded)
The puff of flame hits Grinder.
Grinder is heavily wounded.
Grinder resists.
The wall freezes Grinder.
Grinder hits you.
The wall freezes the frilled lizard.
You kill the frilled lizard!
Evoke which item? (* to show all) (? for menu, Esc to quit)
Aiming: Throw Flame
Press: ? - help, Shift-Dir - straight line, f/p - Grinder
Aim: Grinder (heavily wounded)
The puff of flame hits Grinder.
Grinder is heavily wounded.
Grinder completely resists.
The wall freezes Grinder but do no damage.
Grinder hits you.
* * * LOW HITPOINT WARNING * * *
You writhe in agony.
You die...

## #.#. #.#
#.#l#. ##.#
#.#.#.#. #.#.#
#.#.#.#.#. ##.#.#
#.#.#.#.#.#
#.#.#.#.#.#.#.#.#
##.#.#.#.#.#.#.#
#$#.#5#.#.#.#.#
#.#@#<#.#>#.#
#.#†#.#.#.#
#.#.<.#.#.#
#.#.#.#.#.#.#
##.#.#.#.#.#.#
#.#.#.#.#.#.#.#
##.#.#.#.#.#.#.#
#.#.#.# #.#.#.#.#
##.#.# #. #.#.#


You could see Grinder.

Vanquished Creatures
  3 adders (D:2)
  An ooze (D:2)
  3 worms (D:2)
  A dart slug (D:2)
  2 leopard geckos (D:1)
  10 bats
  3 giant cockroaches
  7 goblins
  3 hobgoblins (D:1)
  3 quokkas (D:2)
  A ball python (D:2)
  2 frilled lizards
  5 kobolds
  2 rats
46 creatures vanquished.

Vanquished Creatures (others)
  22 plants (D:1)
22 creatures vanquished.

Grand Total: 68 creatures vanquished

Notes
Turn   | Place    | Note
-------+----------+-------------------------------------------
     0 | D:1      | robertstho the Gnoll Ice Elementalist began the quest for
                  | the Orb.
     0 | D:1      | Reached XP level 1. HP: 13/13 MP: 6/6
   281 | D:1      | Reached XP level 2. HP: 15/19 MP: 4/7
   889 | D:1      | Reached XP level 3. HP: 22/25 MP: 9/9
  1029 | D:1      | Reached skill level 5 in Spellcasting
  1458 | D:2      | Learned a level 3 spell: Frozen Ramparts
  1462 | D:2      | Learned a level 3 spell: Ozocubu's Armour
  1484 | D:2      | Reached skill level 1 in Invocations
  1870 | D:2      | Reached skill level 1 in Fighting
  1870 | D:2      | Reached skill level 1 in Short Blades
  1870 | D:2      | Reached skill level 1 in Long Blades
  1870 | D:2      | Reached skill level 1 in Axes
  1870 | D:2      | Reached skill level 1 in Maces & Flails
  1870 | D:2      | Reached skill level 1 in Polearms
  1870 | D:2      | Reached skill level 1 in Staves
  1870 | D:2      | Reached skill level 1 in Slings
  1870 | D:2      | Reached skill level 1 in Bows
  1870 | D:2      | Reached skill level 1 in Crossbows
  1870 | D:2      | Reached skill level 1 in Throwing
  1870 | D:2      | Reached skill level 1 in Armour
  1870 | D:2      | Reached skill level 1 in Shields
  1870 | D:2      | Reached skill level 1 in Unarmed Combat
  1870 | D:2      | Reached skill level 1 in Evocations
  1870 | D:2      | Reached XP level 4. HP: 28/32 MP: 7/11
  2410 | D:2      | Reached skill level 1 in Conjurations
  2410 | D:2      | Reached skill level 1 in Hexes
  2410 | D:2      | Reached skill level 1 in Summonings
  2410 | D:2      | Reached skill level 1 in Necromancy
  2410 | D:2      | Reached skill level 1 in Translocations
  2410 | D:2      | Reached skill level 1 in Transmutations
  2410 | D:2      | Reached skill level 1 in Fire Magic
  2410 | D:2      | Reached skill level 1 in Air Magic
  2410 | D:2      | Reached skill level 1 in Earth Magic
  2410 | D:2      | Reached skill level 1 in Poison Magic
  2613 | D:3      | Noticed Grinder
  2620 | D:3      | Learned a level 4 spell: Hailstorm
  2635 | D:3      | Slain by Grinder

Illustrated notes

Levels and vault maps discovered:
D:1:      dpeg_arrival_signposts, layout_loops_ring, chequers_garden,
          serial_bayou_lagoon_a, minmay_misc_feat_rugged
D:2:      layout_rooms, minivault_27
D:3:      layout_basic, uniq_crazy_yiuf_cottage, uniq_grinder

Skill      XL: |  1  2  3  4 |
---------------+-------------+-----
Spellcasting   | 5 |  5.1
Invocations    | 1 |  1.3
Fighting       | 1 |  1.2
Short Blades   | 1 |  1.2
Long Blades    | 1 |  1.2
Axes           | 1 |  1.2
Maces & Flails | 1 |  1.2
Polearms       | 1 |  1.2
Staves         | 1 |  1.2
Slings         | 1 |  1.2
Bows           | 1 |  1.2
Crossbows      | 1 |  1.2
Throwing       | 1 |  1.2
Armour         | 1 |  1.2
Shields        | 1 |  1.2
Unarmed Combat | 1 |  1.2
Evocations     | 1 |  1.2
Conjurations   | 1 |  1.0
Hexes          | 1 |  1.0
Summonings     | 1 |  1.0
Necromancy     | 1 |  1.0
Translocations | 1 |  1.0
Transmutations | 1 |  1.0
Fire Magic     | 1 |  1.0
Air Magic      | 1 |  1.0
Earth Magic    | 1 |  1.0
Poison Magic   | 1 |  1.0
Dodging        | |  4.6
Stealth        | |  4.3
Ice Magic      | |  7.1

Action                   |  1- 3 |  4- 6 || total
-------------------------+-------+-------++-------
Melee: Spear             |   119 |    51 ||   170
       Bite              |    13 |     7 ||    20
       Unarmed           |     3 |       ||     3
 Cast: Freeze            |    16 |       ||    16
       Frozen Ramparts   |     7 |     7 ||    14
       Hailstorm         |       |     1 ||     1
Evoke: Wand              |       |     5 ||     5
 Stab: Sleeping          |     8 |     5 ||    13
Armor: Robe              |    35 |     9 ||    44
Dodge: Dodged            |    95 |    35 ||   130

Table legend: (Time is in decaauts)
 A = Elapsed time spent in this place.
 B = Non-inter-level travel time spent in this place.
 C = Inter-level travel time spent in this place.
 D = Time resting spent in this place.
 E = Time spent auto-exploring this place.
 F = Levels seen in this place.
 G = Mean time per level.
                   A        B        C        D        E       F      G
               +--------+--------+--------+--------+--------+-----+--------+
         Total |   2658 |   2635 |     23 |      0 |   2145 |   3 |  886.0 |
       Dungeon |   2658 |   2635 |     23 |      0 |   2145 |   3 |  886.0 |
               +--------+--------+--------+--------+--------+-----+--------+

Top non-repeatable levels by time:
     D:1: 1443 daAuts
     D:2: 1154 daAuts
     D:3: 59 daAuts
